 Dungeon Crawl Stone Soup version 0.25.0-26-g0c896c7088 (console) character file.

Game seed: 8664840141818554164

1738 Colgate the Chiller (level 9, -1/42 HPs)
             Began as a Vine Stalker Ice Elementalist on July 3, 2020.
             Was a Follower of Elyvilon.
             Slain by a gnoll
             ... wielding a +0 antimagic spear
              (6 damage)
             ... on level 5 of the Dungeon on July 4, 2020.
             The game lasted 02:09:25 (5824 turns).

Colgate the Chiller (Vine Stalker Ice Elementalist) Turns: 5824, Time: 02:09:25

Health: -1/42      AC:  7    Str: 10    XL:     9   Next: 5%
Magic:  0/19       EV: 14    Int: 18    God:    Elyvilon [*.....]
Gold:   214        SH:  0    Dex: 16    Spells: 13/20 levels left

rFire    . . .     SeeInvis .     - Unarmed
rCold    . . .     Gourm    .   (no shield)
rNeg     + . .     Faith    .   x - +2 robe {rN+}
rPois    .         Spirit   +   I - +0 helmet
rElec    .         Reflect  .   (no cloak)
rCorr    .         Harm     .   i - +0 pair of gloves
MR       +....                  t - +0 pair of boots
Stlth    +++.......             d - amulet of regeneration
HPRegen  0.94/turn              (no ring)
MPRegen  0.16/turn              N - ring of flight

@: protection
A: fangs 3, regeneration 1, magic shield, antimagic bite, no potion heal 3, rot
immunity
a: Lesser Healing, Divine Protection, Renounce Religion, Evoke Flight


You were on level 5 of the Dungeon.
You worshipped Elyvilon.
Elyvilon was aware of your devotion.
You were not hungry.

You visited 1 branch of the dungeon, and saw 5 of its levels.
You also visited: Ossuary.

You collected 214 gold pieces.

Inventory:

Hand Weapons
 j - a +0 dagger of flaming
 o - a +2 hand axe of freezing
 P - a +0 hunting sling
Missiles
 a - 46 bolts
 l - 135 arrows
 y - 12 sling bullets
 C - 154 stones (quivered)
Armour
 i - a +0 pair of gloves (worn)
 s - a +0 scale mail
 t - a +0 pair of boots (worn)
 x - a +2 robe of positive energy (worn)
 E - a +0 chain mail
 F - a +0 ring mail
 G - a +0 chain mail
 I - a +0 helmet (worn)
Jewellery
 d - an amulet of regeneration (around neck)
 f - an uncursed ring of attention
 k - an uncursed amulet of magic regeneration
 N - a ring of flight (right hand)
Wands
 q - a wand of polymorph (8)
 B - a wand of random effects (17)
Scrolls
 e - 4 scrolls of blinking
 g - 2 scrolls of amnesia
 h - 5 scrolls of identify
 p - 2 scrolls of remove curse
 r - a scroll of fear
 v - a scroll of enchant armour {unknown}
 w - a scroll of brand weapon {unknown}
 H - 3 scrolls of vulnerability {unknown}
 M - a scroll of teleportation
 O - a scroll of immolation
Potions
 b - 4 potions of haste {unknown}
 m - a potion of resistance {unknown}
 n - a potion of berserk rage {unknown}
 z - 2 potions of flight {unknown}
 A - a potion of stabbing {unknown}
 D - 3 potions of curing
 J - a potion of cancellation {unknown}
 K - a potion of heal wounds {unknown}
 L - a potion of degeneration {unknown}
Comestibles
 c - 6 rations


   Skills:
 + Level 1.9 Fighting
 + Level 0.1 Short Blades
 + Level 4.2(4.3) Slings
 + Level 0.6(2.7) Throwing
 + Level 3.6 Dodging
 + Level 4.1 Stealth
 + Level 2.7 Unarmed Combat
 + Level 6.1 Spellcasting
 + Level 1.2 Charms
 + Level 6.4 Ice Magic
 + Level 0.8 Evocations


You had 13 spell levels left.
You knew the following spells:

 Your Spells              Type           Power        Failure   Level  Hunger
a - Freeze                Ice            ####         1%          1    None
b - Frozen Ramparts       Ice            ####..       2%          3    ##.....
c - Ozocubu's Armour      Chrm/Ice       ###.....     8%          3    ##.....

Your spell library contained the following spells:

 Spells                   Type           Power        Failure   Level  Hunger
 Hailstorm                Conj/Ice       ###.....     30%         4    ####...
 Summon Ice Beast         Ice/Summ       ###.....     30%         4    ####...


Dungeon Overview and Level Annotations

Branches:
Dungeon (5/15)             Temple (0/1) D:5         Ossuary (visited)

Altars:
Elyvilon
Trog

Annotations:
D:4 !


Innate Abilities, Weirdness & Mutations

You have razor-sharp teeth.
Your natural rate of healing is unusually fast.
When hurt, damage is shared between your health and your magic reserves.
Your bite disrupts and absorbs the magic of your enemies.
Potions cannot restore your health.
You are immune to rotting.


Message History

The orc closely misses you.
You hit the orc but do no damage. You bite the orc, but do no damage.
The orc is almost dead.
The orc hits you with a +2 antimagic hand axe!
You feel your power leaking away.
You hit the orc but do no damage.
The orc is almost dead.
You hit the orc.
You kill the orc!
You eat one of the 7 rations.
That ration really hit the spot!
The gnoll hits you from afar with a +0 antimagic spear!
* * * LOW HITPOINT WARNING * * *
You feel your power leaking away.
The eye of draining turns its gaze towards you.
The gnoll hits you with a +0 antimagic spear.
* * * LOW HITPOINT WARNING * * *
You see here a +2 antimagic hand axe.
You beseech Elyvilon to protect your life.
The gnoll hits you with a +0 antimagic spear.
You die...

...#..#....##...#..[.#
#.....#.
.#...#....#####.#....#
#.....#. #..###.#..#
#.#..#.## ##.....##
..........#
#....#..###........
.......#..#
##...##............
...[...#..#
##...###..........#
......
##...###<....#######
.. #............# ..
#.#.G...#....# #.
#...g..G.....# ..
......#@#####....# ..
...## #.# #.(..# .
........# #....##
......... #...G.#
###....... ##..#.#
#..!..... ##.#(...#
#.######## #.##((.# ..
### ....# .. ..(8.#
..(..# G..(.#


You could see 2 eyes of draining and a gnoll.

Vanquished Creatures
  The ghost of Kagalorn the Stinger, an amateur MiVM (D:4)
  Duvessa (D:4)
  2 ogres
  A centaur (D:5)
  2 scorpions (D:5)
  Dowan (D:4)
  2 howler monkeys
  7 bullfrog zombies (Ossuary)
  A centaur zombie (Ossuary)
  A hound (D:5)
  2 centaur skeletons
  Jessica (D:3)
  Ijyb (D:3)
  An iguana (D:5)
  2 worker ants (D:5)
  3 killer bee zombies (Ossuary)
  2 hound zombies
  11 mummies (Ossuary)
  2 howler monkey zombies
  2 worker ant zombies
  Robin (D:4)
  4 adders
  An ooze (D:2)
  6 adder zombies
  An adder skeleton (D:4)
  3 worms
  A dart slug (D:1)
  2 leopard geckos
  9 orcs
  2 ball pythons (D:3)
  6 giant cockroaches
  18 goblins
  17 hobgoblins
  5 kobolds
  2 quokkas (D:3)
  6 bats
  3 frilled lizards
  A goblin zombie (D:5)
  A leopard gecko zombie (Ossuary)
  2 quokka zombies (Ossuary)
  12 rats
  A rat zombie (D:5)
150 creatures vanquished.

Vanquished Creatures (collateral kills)
  A worker ant (D:5)
  A killer bee zombie (Ossuary)
  A mummy (Ossuary)
  A worm (D:5)
  A leopard gecko skeleton (D:5)
5 creatures vanquished.

Vanquished Creatures (others)
  A water moccasin zombie (Ossuary)
  2 mummies (Ossuary)
3 creatures vanquished.

Grand Total: 158 creatures vanquished

Notes
Turn   | Place    | Note
-------+----------+-------------------------------------------
     0 | D:1      | Colgate the Vine Stalker Ice Elementalist began the quest
                  | for the Orb.
     0 | D:1      | Reached XP level 1. HP: 9/9 MP: 4/4
   127 | D:1      | Reached XP level 2. HP: 13/13 MP: 1/6
   637 | D:1      | Reached XP level 3. HP: 16/16 MP: 4/7
   658 | D:1      | Learned a level 3 spell: Frozen Ramparts
  1463 | D:2      | Gained mutation: Your natural rate of healing is unusually
                  | fast. [Vine Stalker growth]
  1463 | D:2      | Reached XP level 4. HP: 21/21 MP: 5/9
  2152 | D:3      | Noticed Jessica
  2161 | D:3      | Killed Jessica
  2186 | D:3      | Noticed Ijyb
  2194 | D:3      | Killed Ijyb
  2194 | D:3      | Reached XP level 5. HP: 23/24 MP: 3/10
  2433 | D:3      | Reached skill level 1 in Slings
  2579 | D:3      | Found a white marble altar of Elyvilon.
  2692 | D:3      | Became a worshipper of Elyvilon the Healer
  3087 | D:4      | Noticed Robin
  3092 | D:4      | Killed Robin
  3092 | D:4      | Reached XP level 6. HP: 29/29 MP: 7/12
  3219 | D:4      | Learned a level 3 spell: Ozocubu's Armour
  3480 | D:4      | Found a runed translucent door.
  3480 | D:4      | Noticed Kagalorn's ghost (amateur MiVM)
  3652 | D:4      | Noticed Duvessa
  3796 | D:4      | Noticed Dowan
  3800 | D:4      | Killed Dowan
  3812 | D:4      | Killed Duvessa
  3812 | D:4      | Reached skill level 1 in Fighting
  3812 | D:4      | Reached skill level 5 in Ice Magic
  3812 | D:4      | Reached XP level 7. HP: 32/33 MP: 0/14
  4089 | D:4      | Reached * piety under Elyvilon
  4209 | D:4      | Killed Kagalorn's ghost
  4209 | D:4      | Reached skill level 5 in Spellcasting
  4267 | D:5      | Entered Level 5 of the Dungeon
  4423 | D:5      | Gained mutation: You have razor-sharp teeth. [Vine Stalker
                  | growth]
  4423 | D:5      | Reached XP level 8. HP: 37/37 MP: 15/17
  4632 | D:5      | Found a staircase to the Ecumenical Temple.
  4770 | D:5      | Found a sand-covered staircase.
  4777 | Ossuary  | Entered an ossuary
  4955 | Ossuary  | Reached skill level 1 in Unarmed Combat
  5117 | Ossuary  | Reached skill level 1 in Charms
  5463 | Ossuary  | Your ally bog died
  5527 | Ossuary  | Reached XP level 9. HP: 42/42 MP: 19/19
  5791 | D:5      | Found a bloodstained altar of Trog.
  5824 | D:5      | Slain by a gnoll

Illustrated notes

Levels and vault maps discovered:
D:1:      eino_arrival_druids_welcome, layout_basic, hangedman_decor_lopped
D:2:      layout_basic, first_ration
D:3:      layout_basic, elyvilon_altar_3, serial_bayou_crossing, uniq_jessica,
          uniq_ijyb
D:4:      layout_basic, ebering_ghost_reflecting_pool, uniq_robin, uniq_duvessa
D:5:      layout_rooms, lemuel_round_altar, minmay_temple_entry_mini_moons,
          enter_ossuary_4, trog_eyes_of_draining

Skill      XL: |  1  2  3  4  5  6  7  8 |
---------------+-------------------------+-----
Dodging        | 2 3 |  3.6
Stealth        | 3 4 |  4.1
Spellcasting   | 3 4 5 6 |  6.1
Slings         | 1 2 3 4 |  4.2
Fighting       | 1 |  1.9
Ice Magic      | 5 6 |  6.4
Unarmed Combat | 2 |  2.7
Charms         | 1 |  1.2
Short Blades   | |  0.1
Throwing       | |  0.6
Evocations     | |  0.8

Action                   |  1- 3 |  4- 6 |  7- 9 || total
-------------------------+-------+-------+-------++-------
Melee: Unarmed           |    25 |     6 |   297 ||   328
       Bite              |     5 |     3 |    87 ||    95
       Dagger            |       |       |    18 ||    18
       Punch             |       |       |     1 ||     1
 Fire: Hunting sling     |     4 |   101 |    85 ||   190
Throw: Stone             |     9 |    11 |     8 ||    28
 Cast: Freeze            |    43 |    71 |    78 ||   192
       Frozen Ramparts   |    11 |    11 |     8 ||    30
       Ozocubu's Armour  |       |     1 |    10 ||    11
Invok: Divine Protection |       |       |     1 ||     1
Evoke: Wand              |       |     1 |     7 ||     8
  Use: Scroll            |       |     9 |     2 ||    11
       Potion            |       |     1 |     1 ||     2
 Stab: Sleeping          |     5 |     1 |       ||     6
  Eat: Chunk             |     3 |     8 |     3 ||    14
       Ration            |       |       |     2 ||     2
Armor: Robe              |     7 |     1 |    74 ||    82
       Skin              |       |    17 |    51 ||    68
Dodge: Dodged            |    26 |    33 |   303 ||   362
